AoeStats
← AVCI

MegaRandom

508050385Analyzed
3v3 RM · 13d ago on Sep 20, 2026· 41m 16s· 6 players
Game mode
Random Map
Map size
Normal (6 player)
Population
200
Speed
Normal
Resources
Standard
Victory
Conquest
Starting age
Dark Age
Ending age
Imperial Age
RankedLock teamsTeams togetherTeam positionsShared explorationLock speedFull tech treeHidden civsTurbo modeCheats
Victory
Defeat
🇵🇱 Ethiopians · Poland
1854
+4
🇵🇱 Vietnamese · Poland
1768
+5
🇵🇱 Magyars · Poland
1757
+6
🇹🇷 Spanish · Türkiye
1581
-7
🇹🇷 Britons · Türkiye
1446
-4
🇹🇷 Poles · Türkiye
1445
-4
ELEOS | Xarkey
11:41 Feudal Age
10:21 Loom
13:29 Town Watch
15:50 Fletching
17:50 Padded Archer Armor
23:17 Double-Bit Axe
25:53 Horse Collar
35:24 Wheelbarrow
36:14 Horse Collar
40:42 Castle Age
40:55 Elite Skirmisher
ELEOS | Hitorek
8:51 Loom
14:08 Feudal Age
18:53 Castle Age
16:45 Fletching
16:43 Double-Bit Axe
19:34 Bodkin Arrow
19:00 Crossbowman
23:45 Horse Collar
24:26 Padded Archer Armor
30:24 Ballistics
30:54 Wheelbarrow
30:26 Town Watch
33:58 Hand Cart
38:55 Imperial Age
37:13 Squires
37:15 Scale Mail Armor
38:15 Chain Mail Armor
38:11 Forging
38:26 Bow Saw
38:07 Stone Mining
39:09 Capped Ram
39:55 Bracer
40:31 Siege Ram
ELEOS | DaaLon
5:42 Loom
11:59 Feudal Age
12:29 Double-Bit Axe
18:29 Scale Barding Armor
18:38 Horse Collar
19:59 Town Watch
21:37 Bloodlines
27:11 Castle Age
27:17 Light Cavalry
27:58 Husbandry
28:56 Chain Barding Armor
33:09 Wheelbarrow
33:58 Gold Mining
34:20 Bow Saw
36:01 Hand Cart
38:05 Fletching
41:34 Imperial Age
40:39 Corvinian Army
AVCI
5:21 Loom
13:48 Feudal Age
14:28 Double-Bit Axe
15:24 Scale Barding Armor
17:57 Horse Collar
26:08 Castle Age
36:47 Pikeman
39:13 Scale Mail Armor
Kean
5:07 Loom
13:11 Feudal Age
16:46 Double-Bit Axe
16:59 Town Watch
18:46 Horse Collar
20:21 Forging
22:52 Bloodlines
35:15 Castle Age
35:27 Fletching
35:19 Light Cavalry
38:58 Scale Barding Armor
40:44 Iron Casting
The_ropztr
2:46 Loom
12:59 Feudal Age
17:01 Fletching
18:35 Padded Archer Armor
27:37 Castle Age
27:44 Crossbowman
28:25 Bodkin Arrow
29:26 Ballistics
Connection lost

Rejoining the realm…

Still unreachable

The connection could not be restored.

Session expired

The server has moved on; the page needs a fresh start.